 Dungeon Crawl Stone Soup version 0.25-a0-290-g4a1327ee3a (webtiles) character file.

Game seed: 11194840786506961619, levelgen mode: deterministic

396 night the Ruffian (level 6, -5/56 HPs)
             Began as a Ghoul Monk on Dec 14, 2019.
             Killed from afar by Grinder (10 damage)
             ... with a puff of flame
             ... on level 4 of the Dungeon.
             The game lasted 00:07:26 (3434 turns).

night the Ruffian (Ghoul Monk)                      Turns: 3434, Time: 00:07:27

Health: -5/56      AC:  6    Str: 17    XL:     6   Next: 83%
Magic:  5/5        EV: 10    Int:  5    God:
Gold:   135        SH:  0    Dex: 11    Spells: 5/5 levels left

rFire    . . .     SeeInvis .     - Unarmed
rCold    + . .     Gourm    .   (no shield)
rNeg     + + +     Faith    .   o - +0 scale mail
rPois    ∞         Spirit   .   (no helmet)
rElec    .         Reflect  .   (no cloak)
rCorr    .         Harm     .   (no gloves)
MR       .....                  (no boots)
Stlth    ..........             (no amulet)
HPRegen  0.00/turn              (no ring)
MPRegen  0.09/turn              (no ring)

@: rotting
A: rotting body, claws 1, carnivore, cold resistance 1, negative energy
resistance 3, inhibited regeneration, torment resistance, unbreathing
a: no special abilities


You were on level 4 of the Dungeon.
You were not hungry.

You visited 1 branch of the dungeon, and saw 4 of its levels.

You collected 135 gold pieces.

Inventory:

Missiles
 h - 30 arrows
Armour
 o - a +0 scale mail (worn)
Scrolls
 c - 2 scrolls of magic mapping {unknown}
 d - 5 scrolls of identify {unknown}
 g - 2 scrolls of blinking {unknown}
 i - 3 scrolls of remove curse {unknown}
 m - 2 scrolls of random uselessness {unknown}
 n - 3 scrolls of teleportation {unknown}
 q - a scroll of enchant armour {unknown}
Potions
 a - a potion of lignification {unknown}
 e - a potion of magic {unknown}
 f - 2 potions of heal wounds {unknown}
 j - a potion of brilliance {unknown}
 k - 3 potions of flight {unknown}
 l - a potion of curing {unknown}
Comestibles
 b - 7 rations


   Skills:
 + Level 5.3 Fighting
 - Level 2.6 Dodging
 - Level 2.1 Stealth
 * Level 7.0 Unarmed Combat


You had 5 spell levels left.
You didn't know any spells.
Your spell library was empty.

Dungeon Overview and Level Annotations

Branches:
Dungeon (4/15)
 Temple: D:4-7

Altars:
Dithmenos
Sif Muna
Trog

Annotations:
D:4 Grinder


Innate Abilities, Weirdness & Mutations

Your body is rotting away.
You thrive on raw meat.
You are immune to poison.
You have sharp fingernails.
You are carnivorous and can eat meat at any time.
Your flesh is cold resistant. (rC+)
You are immune to negative energy. (rN+++)
You do not regenerate when monsters are visible.
You are immune to unholy pain and torment.
You can survive without breathing.


Message History

The ogre hits you with a +0 giant spiked club!
* * * LOW HITPOINT WARNING * * *
You scratch the ogre.
The ogre is severely wounded.
The ogre barely misses you.
You claw the ogre!
You kill the ogre!
Your Unarmed Combat skill increases to level 7!
You scratch Grinder.
Grinder is moderately wounded.
Grinder gestures at you.
You suddenly lose the ability to move!
Grinder blinks!
You can move again.
Grinder zaps a wand.
The puff of flame hits you!
* * * LOW HITPOINT WARNING * * *
You scratch Grinder but do no damage.
Grinder is moderately wounded.
Grinder zaps a wand.
The puff of flame hits you!
You die...

## #.#### ##.#..#
#...... ### ......
#@############....
###5#..#.##.##......
#.........#.#.....<.
#...##..............
##....#..............
#..........#.........
###...#....##.##.....
##.###..#####...###
### #.## ###...


You could see Grinder.

Vanquished Creatures
  An ogre (D:4)
  A howler monkey (D:3)
  2 orc priests (D:3)
  Jessica (D:3)
  A hound skeleton (D:4)
  A worker ant zombie (D:2)
  4 adders
  3 oozes
  2 worms
  2 dart slugs
  2 leopard geckos (D:3)
  14 orcs
  A ball python (D:3)
  5 giant cockroaches
  6 hobgoblins
  6 jackals
  2 quokkas
  4 bats
  10 frilled lizards
  10 goblins
  10 kobolds
  A quokka skeleton (D:2)
  4 rats
93 creatures vanquished.

Notes
Turn   | Place    | Note
-------+----------+-------------------------------------------
     0 | D:1      | night the Ghoul Monk began the quest for the Orb.
     0 | D:1      | Reached XP level 1. HP: 19/19 MP: 0/0
   207 | D:1      | Reached XP level 2. HP: 21/26 MP: 1/1
   539 | D:1      | Reached skill level 4 in Unarmed Combat
   843 | D:2      | Reached XP level 3. HP: 32/32 MP: 2/2
  1138 | D:2      | Reached XP level 4. HP: 22/40 MP: 3/3
  1278 | D:2      | Found a bloodstained altar of Trog.
  1949 | D:3      | Reached skill level 5 in Unarmed Combat
  2300 | D:3      | Reached XP level 5. HP: 42/47 MP: 4/4
  2697 | D:3      | Noticed Jessica
  2712 | D:3      | Killed Jessica
  2712 | D:3      | Reached skill level 6 in Unarmed Combat
  2719 | D:3      | Found a shimmering blue altar of Sif Muna.
  2792 | D:3      | Reached XP level 6. HP: 48/55 MP: 5/5
  2794 | D:3      | Found a faded altar of an unknown god.
  2974 | D:3      | Found a shadowy altar of Dithmenos.
  3072 | D:3      | Reached skill level 5 in Fighting
  3200 | D:4      | Noticed Grinder
  3408 | D:4      | Paralysed by Grinder for 2 turns
  3425 | D:4      | Reached skill level 7 in Unarmed Combat
  3426 | D:4      | Paralysed by Grinder for 5 turns
  3434 | D:4      | Killed from afar by Grinder

Levels and vault maps discovered:
D:1:      dpeg_arrival_refuge, layout_loops_ring
D:2:      wander_river, layout_basic, trog_butcher_becter
D:3:      layout_basic, marbit_many_paths, tgw_sif,
          chequers_ecumenical_altar_lobes
D:4:      layout_cave_pools, grunt_temple_overflow_order_and_chaos_2,
          temple_statues, trog_hazing_becter, uniq_grinder, uniq_duvessa

Skill      XL: |  1  2  3  4  5  6 |
---------------+-------------------+-----
Unarmed Combat | 4 5 6 7 |  7.0
Fighting       | 4 5 |  5.3
Dodging        | |  2.6
Stealth        | |  2.1

Action                   |  1- 3 |  4- 6 || total
-------------------------+-------+-------++-------
Melee: Unarmed           |    96 |   189 ||   285
       Punch             |     1 |     1 ||     2
 Stab: Sleeping          |     2 |       ||     2
  Eat: Chunk             |     7 |    23 ||    30
Armor: Robe              |    11 |     8 ||    19
       Scale mail        |       |    75 ||    75
Dodge: Dodged            |    58 |    98 ||   156

Table legend:
 A = Non-vault XP
 B = Vault XP
 C = Vault XP percentage of total XP
 D = Non-vault monster count
 E = Vault monster count
 F = Vault count percentage of total count
                 A         B        C        D         E       F
            +---------+---------+-------+---------+---------+-------
      Total |     521 |      46 |   8.1 |      87 |       6 |   6.5
            +---------+---------+-------+---------+---------+-------
        D:1 |      33 |       0 |   0.0 |      18 |       0 |   0.0
        D:2 |      70 |       6 |   7.9 |      23 |       4 |  14.8
        D:3 |     274 |      40 |  12.7 |      44 |       2 |   4.3
        D:4 |     144 |       0 |   0.0 |       2 |       0 |   0.0
            +---------+---------+-------+---------+---------+-------
